 Dungeon Crawl Stone Soup version 0.28.0-43-g3370ac3207 (webtiles) character file.

Game seed: 14276900041115548734

398 cbfl8 the Covert (level 6, -7/47 HPs)
             Began as a Vampire Delver on Mar 20, 2022.
             Was a Believer of Fedhas.
             Splashed by a jelly's acid (8 damage)
             ... on level 6 of the Dungeon.
             The game lasted 00:08:28 (4592 turns).

cbfl8 the Covert (Vampire Delver)                   Turns: 4592, Time: 00:08:29

Health: -7/47      AC: -4    Str: 11    XL:     6   Next: 53%
Magic:  0/6        EV: 10    Int: 12    God:    Fedhas [**....]
Gold:   219        SH:  0    Dex: 18    Spells: 5/5 levels left

rFire   + . .      SeeInvis +   k - +0 war axe
rCold   . . .      Faith    .   (no shield)
rNeg    . . .      Spirit   +   n - +0 scale mail {rC+}
rPois   +          Reflect  .   s - +0 helmet
rElec   .          Harm     .   (no cloak)
rCorr   .          Rampage  .   (no gloves)
Will    .....                   (no boots)
Stlth   +++.......              x - amulet of guardian spirit
HPRegen 0.35/turn               j - ring of fire
MPRegen 0.10/turn               u - ring of poison resistance

@: corroded, healing quickly
A: alive, fangs 3, see invisible, vampiric 2
a: Exsanguinate, Renounce Religion, Wall of Briars


You were on level 6 of the Dungeon.
You worshipped Fedhas.
Fedhas was pleased with you.
You visited 1 branch of the dungeon, and saw 6 of its levels.

You collected 219 gold pieces.

Inventory:

Hand Weapons
 a - a +0 falchion
 k - a +0 war axe (weapon)
Missiles
 w - a throwing net (quivered)
Armour
 b - a +0 leather armour
 i - a +0 ring mail
 n - a +0 scale mail of cold resistance (worn)
 s - a +0 helmet (worn)
Jewellery
 j - a ring of fire (left hand)
 u - a ring of poison resistance (right hand)
 x - an amulet of guardian spirit (around neck)
Wands
 g - a wand of digging (3)
Scrolls
 c - a scroll of fog
 d - a scroll of magic mapping
 e - a scroll of fear
 f - 3 scrolls of teleportation {unknown}
 h - a scroll of torment {unknown}
 m - 4 scrolls of identify {unknown}
 p - a scroll of vulnerability {unknown}
 v - a scroll of enchant armour {unknown}
 y - a scroll of holy word {unknown}
Potions
 l - a potion of cancellation {unknown}
 o - 3 potions of brilliance {unknown}
 q - a potion of mutation {unknown}
 r - a potion of lignification {unknown}
 t - a potion of attraction {unknown}


   Skills:
 + Level 3.3 Fighting
 + Level 2.0 Long Blades
 + Level 3.4 Axes
 + Level 2.2 Armour
 + Level 3.3 Dodging
 + Level 8.7 Stealth


You had 5 spell levels left.
You didn't know any spells.
Your spell library contained the following spells:

 Spells                   Type           Power      Damage    Failure   Level
 Animate Skeleton         Necr           0%         N/A       88%         1
 Apportation              Tloc           0%         N/A       88%         1
 Summon Small Mammal      Summ           0%         N/A       88%         1
 Call Canine Familiar     Summ           0%         N/A       99%         3
 Summon Guardian Golem    Hex/Summ       0%         N/A       99%         3


Dungeon Overview and Level Annotations

Branches:
Dungeon (6/15)
 Temple: D:4-7

Altars:
Dithmenos
Fedhas
Hepliaklqana
Okawaru
Qazlal
Vehumet
Zin

Shops:
D:2 [


Innate Abilities, Weirdness & Mutations

Your natural rate of healing is accelerated.
You have razor-sharp teeth.
You have supernaturally acute eyesight. (SInv)
You are afflicted with vampirism and can become a bat while bloodless.


Message History

There is a stone staircase leading up here.
You climb upwards.
There is a stone staircase leading down here.
There is an escape hatch in the floor here.
You slide downwards.
The hatch slams shut behind you.
You hear the hiss of flowing sand.
There is an entrance to an ossuary on this level.
Hurry and find it before the portal is buried!
Found a scroll labelled NOHOHE LOASHRE.
A jelly comes into view.
The jelly quivers.
Found a bubbling green potion.
The jelly barely misses you.
You hit the jelly but do no damage.
Your hands burn!
Your bite misses the jelly. The jelly barely misses you.
You hit the jelly. The acid corrodes you!
Your hands burn!
The jelly is moderately wounded.
The jelly barely misses you.
You hit the jelly but do no damage.
Your hands burn!
The jelly is moderately wounded.
The jelly hits you but does no damage. The jelly closely misses you.
You hit the jelly but do no damage. The acid corrodes you!
Your hands burn!
The jelly is moderately wounded.
The jelly barely misses you.
You hit the jelly.
Your hands burn!
You bite the jelly, but do no damage.
The jelly is severely wounded.
The jelly hits you. The acid corrodes you!
You are splashed with acid!
You hit the jelly.
Your hands burn!
The jelly is severely wounded.
The jelly hits you.
You are splashed with acid!
The jelly hits you.
* * * LOW HITPOINT WARNING * * *
The acid corrodes you!
You are splashed with acid!
* * * LOW HITPOINT WARNING * * *
You hit the jelly but do no damage.
Your hands burn!
* * * LOW HITPOINT WARNING * * *
The jelly is severely wounded.
The jelly hits you.
* * * LOW HITPOINT WARNING * * *
You are splashed with acid!
You die...
Fedhas appreciates your contribution to the ecosystem.

##### *** #####...####
*,*** #..........# *,,,*
#..........## **###* *,,,*
##...........#**....****,,*
**#............##.....,*
*,,**
*#.................!...**
**,,*
*........#.....@......#*
*,,**
##.###....#....J.....##
**,,* ##* #..#.#.........##
*,,* ####..#.......## *,,,
##......?..#* **,,
#..........# *,,
*#..........#* ****, ****
**...#........*******,**,
*,,*
*,,,***,,,,,,,*,,,,,,****


You could see a jelly.

Vanquished Creatures
  A necrophage (D:4)
  A centaur (D:4)
  An orc priest (D:4)
  An iguana (D:4)
  4 gnolls (D:4)
  A howler monkey skeleton (D:4)
  4 adders
  2 adder skeletons (D:4)
  4 dart slugs
  8 orcs
  5 ball pythons
  5 bats
  3 endoplasms
  A giant cockroach (D:3)
  4 goblins
  6 hobgoblins
  8 kobolds
  3 quokkas
  5 frilled lizards
  A rat (D:1)
68 creatures vanquished.

Notes
Turn   | Place    | Note
-------+----------+-------------------------------------------
     0 | D:5      | cbfl8 the Vampire Delver began the quest for the Orb.
     0 | D:5      | Reached XP level 1. HP: 17/17 MP: 1/1
    54 | D:5      | Noticed an ogre
   188 | D:4      | Reached XP level 2. HP: 14/23 MP: 2/2
   343 | D:3      | Reached skill level 8 in Stealth
   734 | D:3      | Found a radiant altar of Vehumet.
   762 | D:3      | Gained mutation: You are afflicted with vampirism and can
                  | become a bat while bloodless. [Vampire growth]
   762 | D:3      | Reached XP level 3. HP: 26/28 MP: 3/3
   871 | D:3      | Found a hazy altar of Hepliaklqana.
   878 | D:3      | Found a blossoming altar of Fedhas.
   881 | D:3      | Found an iron altar of Okawaru.
   889 | D:3      | Became a worshipper of Fedhas Madash
  1517 | D:2      | Found a shadowy altar of Dithmenos.
  1703 | D:2      | Reached skill level 1 in Armour
  1813 | D:2      | Found Eresoic's Armour Shop.
  1889 | D:2      | Reached skill level 1 in Axes
  2039 | D:1      | Reached * piety under Fedhas
  2272 | D:1      | Reached XP level 4. HP: 9/27 MP: 4/4
  3513 | D:4      | Found a stormy altar of Qazlal.
  3535 | D:4      | Noticed a necrophage
  3541 | D:4      | Killed a necrophage
  3542 | D:4      | Reached XP level 5. HP: 12/36 MP: 5/5
  4109 | D:4      | Reached XP level 6. HP: 46/47 MP: 6/6
  4213 | D:4      | Reached ** piety under Fedhas
  4496 | D:4      | You fall into a shaft and drop 2 floors!
  4592 | D:6      | HP: 1/47 [jelly (3)]
  4592 | D:6      | Splashed by a jelly's acid

Illustrated notes

Levels and vault maps discovered:
D:1:      dpeg_arrival_simpleton_c, layout_loops_cross, minmay_misc_feat_roman,
          minmay_tromino_v7
D:2:      layout_basic, basic_altar, serial_corexii_hall,
          corexii_hall_statues_x, chequers_hall_statues_y, serial_shops, shop
D:3:      layout_basic, mainiacjoe_overflow_six_doors_small,
          grunt_temple_overflow_diamond
D:4:      layout_basic, grunt_qazlal_sundering, marbit_many_paths,
          hangedman_abyss_or_decor_stagger, chequers_serial_rivers_micro_c
D:5:      layout_basic, led_sif_pool, elyvilon_altar_3, lemuel_crystal_altar,
          chequers_serial_rivers_room_a, nicolae_fountain_basement
D:6:      layout_cave_pods, nicolae_ossuary_entry_ruins

Skill      XL: |  1  2  3  4  5  6 |
---------------+-------------------+-----
Stealth        | 8 |  8.7
Armour         | 1 2 |  2.2
Axes           | 1 2 3 |  3.4
Fighting       | 3 |  3.3
Dodging        | 3 |  3.3
Long Blades    | |  2.0

Action                   |  1- 3 |  4- 6 || total
-------------------------+-------+-------++-------
Melee: Falchion          |    12 |       ||    12
       War axe           |    63 |   136 ||   199
       Bite              |    13 |    11 ||    24
       Unarmed           |    35 |     6 ||    41
       Punch             |       |     3 ||     3
 Abil: Bat Form          |     1 |       ||     1
       Exsanguinate      |     1 |       ||     1
       Revivify          |       |     1 ||     1
  Use: Potion            |     1 |       ||     1
       Scroll            |       |     1 ||     1
 Stab: Sleeping          |     9 |     5 ||    14
Armor: Ring mail         |    19 |       ||    19
       Scale mail        |    14 |    96 ||   110
Dodge: Dodged            |    68 |   112 ||   180
